AoeStats
← [NICE_ASS] BigMasi

Nomad

506179429Analyzed
3v3 RM · 20d ago on Sep 12, 2026· 42m 58s· 6 players
Game mode
Random Map
Map size
210×210
Population
200
Speed
Normal
Resources
Standard
Victory
Conquest
Starting age
Dark Age
Ending age
Imperial Age
RankedLock teamsTeams togetherTeam positionsShared explorationLock speedFull tech treeHidden civsTurbo modeCheats
Victory
Defeat
🇨🇭 Georgians · Switzerland
1271
+12
🇨🇭 Spanish · Switzerland
1145
+17
🇨🇭 Lithuanians · Switzerland
1111
+18
🇪🇸 Japanese · Spain
1187
-16
🇪🇸 Malay · Spain
1169
-16
🇵🇹 Spanish · Portugal
1154
-15
Abel
5:33 Loom
20:43 Feudal Age
25:42 Castle Age
24:14 Fishing Lines
28:13 Double-Bit Axe
30:10 Bow Saw
31:14 Wheelbarrow
37:48 Fletching
jabibu
7:54 Loom
17:41 Feudal Age
17:32 Double-Bit Axe
17:39 Gold Mining
21:55 Town Watch
22:46 Wheelbarrow
25:10 Castle Age
25:47 Bow Saw
26:13 Gold Shaft Mining
25:44 Fishing Lines
26:18 Medium Warships
30:40 Forging
30:36 Scale Barding Armor
30:32 Pikeman
31:13 Squires
37:49 Thalassocracy
Toxytocin
14:01 Feudal Age
12:17 Loom
19:20 Castle Age
17:15 Town Watch
19:49 Town Watch
20:04 Gold Mining
[UKB] Vincent Giovanni
9:12 Loom
14:28 Feudal Age
13:31 Loom
15:54 Fishing Lines
16:34 Double-Bit Axe
19:23 Castle Age
17:10 Horse Collar
19:55 Scale Barding Armor
20:24 Forging
20:12 Gold Mining
25:29 Stone Mining
27:14 Bloodlines
30:27 Wheelbarrow
31:21 Chain Barding Armor
31:49 Fletching
33:16 Bodkin Arrow
39:39 Imperial Age
37:43 Ballistics
37:43 Hand Cart
37:19 Town Watch
38:21 Iron Casting
38:01 Gillnets
38:24 Bow Saw
38:51 Stone Shaft Mining
39:14 Padded Archer Armor
39:18 Elite Skirmisher
41:07 Plate Barding Armor
42:31 Conscription
42:36 Elite Leitis
[NICE_ASS] BigMasi
4:39 Loom
14:18 Feudal Age
16:51 Double-Bit Axe
16:57 Gold Mining
22:41 Castle Age
22:02 Fletching
23:16 Scale Mail Armor
23:41 Bodkin Arrow
23:53 Scale Barding Armor
25:08 Bow Saw
27:22 Fishing Lines
28:18 Bloodlines
30:15 Gillnets
31:12 Chain Barding Armor
34:56 Svan Towers
37:13 Wheelbarrow
36:46 Horse Collar
40:29 Imperial Age
38:41 Medium Warships
40:10 Hand Cart
39:41 Town Watch
40:21 Forging
40:16 Husbandry
42:02 Plate Barding Armor
41:52 Conscription
42:14 Iron Casting
juffie
4:40 Loom
14:46 Feudal Age
15:47 Double-Bit Axe
16:15 Fishing Lines
18:41 Castle Age
16:40 Stone Mining
17:50 Padded Archer Armor
19:46 Bow Saw
22:24 Horse Collar
24:44 Husbandry
25:58 Wheelbarrow
25:12 Town Watch
27:15 Leather Archer Armor
31:18 Heavy Plow
31:15 Gold Mining
31:58 Devotion
32:19 Elite Skirmisher
33:43 Hand Cart
34:23 Fletching
35:17 Bodkin Arrow
38:38 Imperial Age
36:52 Bloodlines
37:30 Thumb Ring
39:44 Conscription
39:28 Bracer
39:59 Ring Archer Armor
Connection lost

Rejoining the realm…

Still unreachable

The connection could not be restored.

Session expired

The server has moved on; the page needs a fresh start.